 Dungeon Crawl Stone Soup version 0.31-a0-233-g139696dc86 (webtiles) character file.

Game seed: 18289112243357364294

142 Morbidden the Covered (level 5, 0/28 HPs)
             Began as a Vine Stalker Fighter on July 8, 2023.
             Killed by nerve-wracking pain
             ... invoked by an orc priest
              (8 damage)
             ... on level 3 of the Dungeon.
             The game lasted 00:02:00 (1946 turns).

Morbidden the Covered (Vine Stalker Fighter)        Turns: 1946, Time: 00:02:01

Health: 0/28       AC: 12    Str: 19    XL:     5   Next: 24%
Magic:  0/7        EV:  5    Int: 10    God:
Gold:   184        SH:  4    Dex: 13    Spells: 6/6 levels left

rFire   . . .        a - +0 war axe
rCold   . . .        c - +0 buckler
rNeg    . . .        b - +0 plate armour
rPois   .            j - +0 helmet
rElec   .            (no cloak)
rCorr   .            (no gloves)
SInv    .            (no boots)
Will    .....        l - amulet of regeneration Stlth
                     (no ring)
HPRegen 1.84/turn    (no ring)
MPRegen 0.10/turn

%: guardian spirit
@: mighty
A: fangs 2, regeneration 1, magic shield, antimagic bite, no potion heal 2
a: no special abilities


You were on level 3 of the Dungeon.
You visited 1 branch of the dungeon, and saw 3 of its levels.

You collected 184 gold pieces.

Inventory:

Hand Weapons
 a - a +0 war axe (weapon)
Armour
 b - a +0 plate armour (worn)
 c - a +0 buckler (worn)
 j - a +0 helmet (worn)
Jewellery
 l - an amulet of regeneration (around neck)
Scrolls
 g - 5 scrolls of immolation {unknown}
 i - 2 scrolls of identify {unknown}
 o - a scroll of torment {unknown}
 p - a scroll of silence {unknown}
Potions
 d - 3 potions of might
 e - a potion of ambrosia {unknown}
 f - a potion of enlightenment {unknown}
 h - a potion of heal wounds {unknown}
 k - a potion of mutation {unknown}
 m - 2 potions of invisibility {unknown}
 n - a potion of berserk rage {unknown}
 q - a potion of resistance {unknown}


   Skills:
 * Level 3.0 Fighting
 * Level 3.0 Axes
 * Level 3.1 Armour
 * Level 1.1 Dodging
 + Level 0.1 Stealth
 * Level 3.0 Shields
 * Level 1.2 Spellcasting


You had 6 spell levels left.
You didn't know any spells.
Your spell library contained the following spells:

 Spells                   Type           Power      Damage    Failure   Level
 Shock                    Conj/Air       0%         1d3       100%        1
 Swiftness                Air            0%         N/A       100%        3
 Airstrike                Air            0%         2d(0-16)  100%        4


Dungeon Overview and Level Annotations

Branches:
Dungeon (3/15)

Altars:
Dithmenos

Shops:
D:3 ?(


Innate Abilities, Weirdness & Mutations

You have extremely sharp teeth.
Your natural rate of healing is unusually fast.
When hurt, damage is shared between your health and your magic reserves.
Your bite disrupts and absorbs the magic of your enemies.
Potions cannot restore your health.


Message History

A magic dart appears from out of thin air!
The magic dart hits you but does no damage.
The orc priest shouts!
You slash the orc priest!
You kill the orc priest!
You slash the orc!
You kill the orc!
You miss something. Something hits you but does no damage.
Your Dodging skill increases to level 1!
Your Shields skill increases to level 3!
You have reached level 5!
Unknown command.
You barely miss the orc priest. You miss something.
The orc priest hits you with a +0 short sword.
Something hits you but does no damage.
Unknown command.
Unknown command.
You closely miss the orc priest. You slash something!
Reactivating autopickup.
You feel a bit more experienced.
The orc priest calls down the wrath of Beogh upon you.
Pain shoots through your body!
* * * LOW HITPOINT WARNING * * *
The orc priest hits you but does no damage.
Your Axes skill increases to level 3!
Unknown command.
Unknown command.
You hit the orc priest.
The orc priest is heavily wounded.
The orc priest barely misses you.
Unknown command.
Unknown command.
You barely miss the orc priest. Your bite misses the orc priest.
The orc priest is heavily wounded.
The orc priest invokes the aid of Beogh against you.
Pain shoots through your body!
* * * LOW HITPOINT WARNING * * *
The orc priest mumbles some strange prayers to Beogh against you.
Pain shoots through your body!
You die...

#.##..# #.....#....
#.##..# #.#.........
#.##..# #....).?...
#.##..# ###.....∩..)#
#.##).# #......).)..#
#.##..# #...........#
#.##..# #.......##..####
#.##..###.#>....).......
#.##.........†.o@)..#
#.#######.####.###.##
#.# #.# #)# .# #.# #.#
#o. .. #.### #.# ##.# #.
#..<# #.# ?# # ###.# #.#
.# # #.# #.# .# # #.# ..


You could see an orc priest.

Vanquished Creatures
  An orc priest (D:3)
  An orc wizard (D:3)
  3 adders (D:2)
  A dart slug (D:1)
  8 orcs
  2 ball pythons (D:1)
  7 bats
  An endoplasm (D:1)
  4 giant cockroaches
  4 goblins
  4 hobgoblins
  2 kobolds
  2 quokkas (D:1)
  6 frilled lizards
  4 rats
50 creatures vanquished.

Notes
Turn   | Place    | Note
-------+----------+-------------------------------------------
     0 | D:1      | Morbidden the Vine Stalker Fighter began the quest for the
                  | Orb.
     0 | D:1      | Reached XP level 1. HP: 11/11 MP: 2/2
    94 | D:1      | Reached XP level 2. HP: 16/16 MP: 3/3
   779 | D:1      | Reached XP level 3. HP: 19/19 MP: 3/5
  1471 | D:2      | Reached skill level 1 in Spellcasting
  1471 | D:2      | Gained mutation: Your natural rate of healing is unusually
                  | fast. [Vine Stalker growth]
  1471 | D:2      | Reached XP level 4. HP: 23/23 MP: 6/6
  1818 | D:3      | Found Ferrelom's Magic Scroll Shop.
  1845 | D:3      | Found a shadowy altar of Dithmenos.
  1924 | D:3      | Found Icouhik's Weapon Boutique.
  1943 | D:3      | Reached skill level 1 in Dodging
  1943 | D:3      | Reached XP level 5. HP: 12/28 MP: 1/7
  1946 | D:3      | Killed from afar by an orc priest

Illustrated notes

Levels and vault maps discovered:
D:1:      dpeg_arrival_signposts, layout_basic, corexii_hall_statues_l
D:2:      minmay_evil_eye, layout_basic
D:3:      layout_loops_ring, grunt_qazlal_clouds, lemuel_doored_altar,
          nicolae_tso_besieged_by_evil, serial_shops, nicolae_shop_crystal,
          shop, nicolae_shop_scrapyard, shop, shop

Skill      XL: |  1  2  3  4  5 |
---------------+----------------+-----
Axes           | 2 3 |  3.0
Spellcasting   | 1 |  1.2
Fighting       | 3 |  3.0
Armour         | 3 |  3.1
Dodging        | 1 |  1.1
Shields        | 3 |  3.0
Stealth        | |  0.1

Action                     |  1- 3 |  4- 6 || total
---------------------------+-------+-------++-------
  Melee: War axe           |    81 |    42 ||   123
         Bite              |    16 |    10 ||    26
    Use: Potion            |       |     1 ||     1
 Armour: Scale mail        |    24 |       ||    24
         Plate armour      |    32 |    36 ||    68
  Dodge: Dodged            |    49 |     8 ||    57
  Block: Buckler           |    20 |     7 ||    27

Table legend: (Time is in decaauts)
 A = Elapsed time spent in this place.
 B = Non-inter-level travel time spent in this place.
 C = Inter-level travel time spent in this place.
 D = Time resting spent in this place.
 E = Time spent auto-exploring this place.
 F = Levels seen in this place.
 G = Mean time per level.
                   A        B        C        D        E       F      G
               +--------+--------+--------+--------+--------+-----+--------+
         Total |   1997 |   1902 |     95 |     43 |   1485 |   3 |  665.7 |
       Dungeon |   1997 |   1902 |     95 |     43 |   1485 |   3 |  665.7 |
               +--------+--------+--------+--------+--------+-----+--------+

Top non-repeatable levels by time:
     D:1: 1020 daAuts
     D:2: 765 daAuts
     D:3: 211 daAuts
